 Dungeon Crawl Stone Soup version 0.29.0-4-gdea44cf6ec (webtiles) character file.

Game seed: 3461615554498379183

83 qw the Chopper (level 4, -1/26 HPs)
             Began as a Tengu Warper on Aug 29, 2022.
             Slain by an orc priest
             ... wielding a +0 club
              (3 damage)
             ... on level 3 of the Dungeon.
             The game lasted 00:00:37 (1891 turns).

qw the Chopper (Tengu Warper)                       Turns: 1891, Time: 00:00:38

Health: -1/26      AC:  8    Str: 14    XL:     4   Next: 44%
Magic:  8/8        EV:  6    Int: 13    God:
Gold:   107        SH:  0    Dex: 13    Spells: 7/7 levels left

rFire   . . .      SeeInvis .   Y - +0 hand axe
rCold   . . .      Faith    .   (no shield)
rNeg    . . .      Spirit   .   m - +0 chain mail
rPois   .          Reflect  .   (helmet restricted)
rElec   .          Harm     .   (no cloak)
rCorr   .          Rampage  .   (no gloves)
Will    +....                   (boots unavailable)
Stlth   ..........              (no amulet)
HPRegen 0.08/turn               f - ring of willpower
MPRegen 0.11/turn               (no ring)

@: no status effects
A: beak, talons 3
a: no special abilities


You were on level 3 of the Dungeon.
You visited 1 branch of the dungeon, and saw 3 of its levels.

You collected 107 gold pieces.


Innate Abilities, Weirdness & Mutations

You have a beak for a mouth.
You have claws for feet.


   Skills:
 - Level 2.0 Fighting
 + Level 5.0 Axes
 - Level 1.0 Throwing
 - Level 1.1 Armour
 - Level 2.1 Dodging
 - Level 2.0 Spellcasting
 - Level 2.4 Translocations


You had 7 spell levels left.
You didn't know any spells.
Your spell library contained the following spells:

 Spells                   Type           Power      Damage    Failure   Level
 Blink                    Tloc           14%        N/A       99%         2
 Gell's Gravitas          Tloc           7%         N/A       100%        3
 Lesser Beckoning         Tloc           7%         N/A       100%        3
 Teleport Other           Tloc           7%         N/A       100%        3
 Manifold Assault         Tloc           7%         N/A       100%        5

Inventory:

Hand Weapons
 e - a +0 whip
 Y - a +0 hand axe (weapon)
Armour
 m - a +0 chain mail (worn)
Jewellery
 f - a ring of willpower (left hand)
Scrolls
 a - a scroll of identify
Potions
 b - a potion of cancellation {unknown}
 g - a potion of curing {unknown}
 j - a potion of heal wounds {unknown}
 k - a potion of might {unknown}

Dungeon Overview and Level Annotations

Branches:
Dungeon (3/15)

Altars:


Message History

The orc hits you with a +0 short sword.
The orc priest looks satisfied for a moment.
There is an open door here.
You hit the orc priest.
The orc priest is lightly wounded.
You hit the orc but do no damage. The orc hits you but does no damage.
The orc priest calls upon Beogh to heal the orc priest.
The orc priest's wounds heal themselves!
The orc priest hits you but does no damage.
The adder bites you but does no damage.
You barely miss the orc priest. Your kick misses the orc priest.
You peck the orc priest.
The orc priest is lightly wounded.
You hit the orc. You miss the adder. The adder bites you.
The orc hits you but does no damage.
The orc priest hits you but does no damage.
You hit the orc but do no damage. Your kick misses the orc.
The orc is heavily wounded.
You barely miss the orc priest. You closely miss the adder.
The adder bites you but does no damage. The orc hits you with a +0 short sword.
The adder bites you but does no damage.
You hit the orc. Your kick misses the orc. You peck the orc.
You kill the orc!
You barely miss the orc priest. You hit the adder.
The bat hits you but does no damage. The bat barely misses you.
The orc priest hits you with a +0 club. The adder completely misses you.
You hit the adder. You peck the adder.
You kill the adder!
You hit the orc priest. You hit the bat. You hit the orc priest.
The bat hits you but does no damage. x2; The orc priest completely misses you.
The orc priest looks braver for a moment.
The bat barely misses you.
Your Axes skill increases to level 5!
You hit the orc priest. Your peck misses the orc priest.
The orc priest is severely wounded.
You hit the bat. You barely miss the orc priest.
The bat hits you but does no damage. The bat barely misses you.
The orc priest hits you with a +0 club.
You die...

#......~.~~~..#
#.#...#.~~~...#.
#.#...#.~~~.....
#...[##~.~.....#
#######~~~~..~..
#.~~~..~..
#~.~~..~..
#..~~.....
#@o~~~..##
#..ob~~~..#..
#....#~~### #
#......#~##
#......#~#
#......###
#.......
#.......


You could see 2 orc priests and a bat.

Vanquished Creatures
  4 adders
  3 dart slugs
  A worm (D:2)
  An orc (D:3)
  3 ball pythons
  A bat (D:1)
  5 endoplasms (D:2)
  A goblin (D:1)
  2 hobgoblins
  4 jackals (D:1)
  6 kobolds
  4 frilled lizards
  2 rats (D:2)
37 creatures vanquished.

Notes
Turn   | Place    | Note
-------+----------+-------------------------------------------
     0 | D:1      | qw the Tengu Warper began the quest for the Orb.
     0 | D:1      | Reached XP level 1. HP: 12/12 MP: 4/4
     0 | D:1      | 0 ||| qw: Version: 0.1-a-89-g26bdef1
     0 | D:1      | 0 ||| qw: Game counter: 3460
     0 | D:1      | 0 ||| qw: Always use a shield: true
     0 | D:1      | 0 ||| qw: God list: Okawaru
     0 | D:1      | 0 ||| qw: Allow faded altars: false
     0 | D:1      | 0 ||| qw: Do Orc after D:15 true
     0 | D:1      | 0 ||| qw: Do second Lair branch before Depths: true
     0 | D:1      | 0 ||| qw: Lair rune preference: random
     0 | D:1      | 0 ||| qw: Plans: Normal
     0 | D:1      | 0 ||| PLANNING D:1-11
   464 | D:1      | Reached skill level 3 in Axes
   464 | D:1      | Reached XP level 2. HP: 17/17 MP: 6/6
   474 | D:1      | Found a faded altar of an unknown god.
   499 | D:1      | 499 ||| Stepping ~*~*~tactically~*~*~ (stealth).
   722 | D:1      | 722 ||| Stepping ~*~*~tactically~*~*~ (stealth).
   726 | D:1      | 726 ||| Stepping ~*~*~tactically~*~*~ (stealth).
   727 | D:1      | 727 ||| Stepping ~*~*~tactically~*~*~ (stealth).
   959 | D:1      | 959 ||| UPGRADING to +0 ring mail.
   969 | D:1      | 969 ||| DROPPING +0 leather armour.
   970 | D:1      | 970 ||| UPGRADING to ring of willpower.
   971 | D:1      | 971 ||| READING 2 scrolls labelled IRAUPLOIPT.
   972 | D:1      | 972 ||| READING scroll labelled FIPA GOP NOXTA.
   973 | D:1      | 973 ||| DROPPING scroll of blinking.
  1021 | D:2      | 1021 ||| Stepping ~*~*~tactically~*~*~ (hiding).
  1030 | D:2      | Reached XP level 3. HP: 21/21 MP: 7/7
  1176 | D:2      | Reached skill level 4 in Axes
  1230 | D:2      | 1230 ||| Stepping ~*~*~tactically~*~*~ (stealth).
  1384 | D:2      | Reached XP level 4. HP: 26/26 MP: 8/8
  1811 | D:2      | 1811 ||| UPGRADING to +0 chain mail.
  1821 | D:2      | 1821 ||| DROPPING +0 ring mail.
  1822 | D:2      | 1822 ||| READING scroll labelled JEMUIJ JOIC.
  1823 | D:2      | 1823 ||| READING scroll labelled QOTHAI HALLI.
  1828 | D:2      | 1828 ||| READING scroll labelled XOOS OMNUIG.
  1829 | D:2      | 1829 ||| DRINKING 2 smoky silvery potions.
  1830 | D:2      | 1830 ||| DROPPING potion of magic.
  1881 | D:3      | 1881 ||| Stepping ~*~*~tactically~*~*~ (hiding).
  1889 | D:3      | HP: 2/26 [orc priest/+0 club (5)]
  1891 | D:3      | Reached skill level 5 in Axes
  1891 | D:3      | Slain by an orc priest

Levels and vault maps discovered:
D:1:      minmay_arrival_jagged, layout_basic,
          chequers_ecumenical_altar_simple_redux
D:2:      layout_basic
D:3:      layout_basic, chequers_serial_rivers_small_3, uniq_ijyb,
          uniq_crazy_yiuf_cottage

Skill      XL: |  1  2  3  4 |
---------------+-------------+-----
Axes           | 3 4 5 |  5.0
Fighting       | |  2.0
Throwing       | |  1.0
Armour         | |  1.1
Dodging        | |  2.1
Spellcasting   | |  2.0
Translocations | |  2.4

Action                   |  1- 3 |  4- 6 || total
-------------------------+-------+-------++-------
Melee: Hand axe          |    79 |    22 ||   101
       Kick              |    15 |     4 ||    19
       Peck              |    10 |     6 ||    16
       Punch             |     1 |       ||     1
Throw: Boomerang         |     7 |       ||     7
  Use: Scroll            |     2 |     3 ||     5
       Potion            |       |     1 ||     1
Armor: Leather armour    |    12 |       ||    12
       Ring mail         |    17 |     3 ||    20
       Chain mail        |       |    13 ||    13
Dodge: Dodged            |    30 |    12 ||    42

Table legend:
 A = Non-vault XP
 B = Vault XP
 C = Vault XP percentage of total XP
 D = Non-vault monster count
 E = Vault monster count
 F = Vault count percentage of total count
                 A         B        C        D         E       F
            +---------+---------+-------+---------+---------+-------
      Total |     119 |       0 |   0.0 |      37 |       0 |   0.0
            +---------+---------+-------+---------+---------+-------
        D:1 |      28 |       0 |   0.0 |      15 |       0 |   0.0
        D:2 |      74 |       0 |   0.0 |      19 |       0 |   0.0
        D:3 |      17 |       0 |   0.0 |       3 |       0 |   0.0
            +---------+---------+-------+---------+---------+-------
